 Dungeon Crawl Stone Soup version 0.23-a0-252-g069075cd5b (webtiles) character file.

4408 MirrMurr the Spear-Bearer (level 10, -4/69 HPs)
             Began as an Octopode Berserker on Sept 29, 2018.
             Was an Elder of Trog.
             Killed from afar by an electric eel (12 damage)
             ... with a bolt of electricity
             ... on level 8 of the Dungeon.
             The game lasted 00:23:03 (9791 turns).

MirrMurr the Spear-Bearer (Octopode Berserker)      Turns: 9791, Time: 00:23:04

Health: -4/69      AC:  1    Str: 18    XL:     10   Next: 36%
Magic:  10/10      EV: 16    Int:  9    God:    Trog [****..]
Gold:   126        SH:  5    Dex: 14    Spells: 9/9 levels left

rFire    . . .     SeeInvis +   i - +14 obsidian axe {chop, +Fly SInv *Curse} (curse)
rCold    + . .     Gourm    .   l - +1 buckler {reflect}
rNeg     . . .     Faith    .   (helmet restricted)
rPois    .         Spirit   .   (no amulet)
rElec    .         Reflect  +   q - +1 ring of slaying
rCorr    .         Harm     .   v - ring of protection from cold
MR       .....                  y - ring of stealth
Stlth    +++++++...             (no ring)
HPRegen  0.21/turn              (no ring)
MPRegen  0.12/turn              (no ring)
                                (no ring)
                                (no ring)

@: berserk cooldown, mesmerised, slowed, very slow
A: almost no armour, stealthy swim, amphibious, 8 rings, constrict 8, camouflage
1, gelatinous body 1
a: Berserk, Trog's Hand, Brothers in Arms, Renounce Religion, Evoke Flight


You were on level 8 of the Dungeon.
You worshipped Trog.
Trog was greatly pleased with you.
You were very hungry.

You visited 2 branches of the dungeon, and saw 9 of its levels.

You collected 541 gold pieces.
You spent 415 gold pieces at shops.

Inventory:

Hand Weapons
 a - a +2 trident
 b - a +2 hunting sling
 i - the cursed +14 obsidian axe (weapon) {chop, +Fly SInv *Curse}
   (You found it on level 4 of the Dungeon)

   It inflicts extra damage upon your enemies.
   It lets you see invisible.
   It lets you fly.
   It curses itself when equipped.
   It has a curse placed upon it.
 w - the +5 dagger of Change {elec, *Noise +Rage Int+3 Dex+2}
   (You found it on level 6 of the Dungeon)

   Occasionally, upon striking a foe, it will discharge some electrical energy
   and cause terrible harm.
   It affects your intelligence (+3).
   It affects your dexterity (+2).
   It lets you go berserk.
   It may make noises in combat.
Missiles
 f - 203 stones (quivered)
 k - 29 sling bullets
Armour
 l - a +1 buckler of reflection (worn)
Jewellery
 q - a +1 ring of slaying (left tentacle)
 v - a ring of protection from cold (right tentacle)
 y - a ring of stealth (on tentacle)
Wands
 x - a wand of scattershot (3)
Scrolls
 d - 2 scrolls of teleportation
 o - a scroll of identify
 r - 4 scrolls of remove curse
 t - a scroll of enchant weapon
Potions
 e - a potion of mutation {unknown}
 g - a potion of ambrosia {unknown}
 h - 2 potions of lignification
 j - 3 potions of flight
 m - 3 potions of haste {unknown}
 n - 3 potions of might {unknown}
 p - 2 potions of heal wounds
 s - 4 potions of curing
 u - a potion of resistance {unknown}
Comestibles
 c - 15 rations
 z - 5 chunks of flesh


   Skills:
 + Level 6.8 Fighting
 * Level 1.4(6.0) Axes
 - Level 9.3 Polearms
 - Level 4.6 Slings
 + Level 6.9 Dodging
 + Level 8.6 Stealth
 + Level 1.0 Shields


You had 9 spell levels left.
You didn't know any spells.
Your spell library was empty.

Dungeon Overview and Level Annotations

Branches:
Dungeon (8/15)             Temple (1/1) D:5            Lair (0/6) D:8

Altars:
Gozag
Hepliaklqana
Sif Muna

Shops:
D:5 *   D:7 *


Innate Abilities, Weirdness & Mutations

You cannot wear most types of armour.
You are very stealthy in the water. (Stealth+)
You are amphibious.
You can wear up to eight rings at the same time.
You can use your tentacles to constrict eight enemies at once.
Your skin changes colour to match your surroundings (Stealth+).
Your rubbery body absorbs attacks. (AC +1, EV +1)


Message History

You are too injured to fight recklessly!
You are too injured to fight recklessly!
You slice the electric eel!! You open a gate to Pandemonium!
A demon appears!
You break out of your daze!
You kill the electric eel!
Trog accepts your kill.
Visions of slaying the electric eel flood into your mind.
The electric eel shoots out a bolt of lightning at you!
The bolt of electricity misses you.
An electric eel comes into view.
The electric eel shoots out a bolt of lightning at you!
The bolt of electricity hits you!
* * * LOW HITPOINT WARNING * * *
You feel a strong urge to attack something.
You are no longer berserk.
You are exhausted.
You feel yourself slow down.
The electric eel shoots out a bolt of lightning at you!
The bolt of electricity hits you!
You die...

.............≈....≈.≈..
...#...##..#..≈≈..≈.≈.≈.......# .
...#...##..#..≈≈≈≈.≈≈.≈.. ....##.
...#...##....≈.≈≈≈≈≈.≈.≈≈........
...#........≈.≈3≈≈≈≈≈≈≈≈.. .....
...#...##..#†≈≈.;≈≈≈≈≈≈≈....... .
.......##...≈≈≈≈≈.≈.≈.≈≈≈≈.#..#..
.÷..........≈≈≈≈≈≈....≈≈≈........
...#.####...≈≈≈≈@≈.>.≈.≈≈≈..<..#
...#.# ##..≈≈≈≈;≈....≈≈≈≈.###+#
...#.# ....≈≈≈≈≈≈..≈.≈≈≈. ...#
......≈≈≈≈≈..≈.≈≈≈ ....
.......≈≈≈≈...;≈≈ ....
.......≈≈≈≈≈.≈≈≈≈ .....
........≈≈≈(≈≈≈≈≈....
......≈≈≈≈.≈≈≈≈≈....
≈≈≈≈≈(≈.;≈≈≈...


You could see 3 electric eels and a friendly neqoxec.

Vanquished Creatures
  Pikel (D:7)
  Psyche (D:8)
  A troll (D:7)
  Prince Ribbit (D:7)
  Sigmund (D:2)
  A hungry ghost (D:7)
  Menkaure (D:7)
  A slave (D:7)
  2 black bears (D:8)
  3 sky beasts
  A phantom (D:4)
  A wolf (D:8)
  A centaur (D:7)
  5 ogres
  A big kobold (D:7)
  2 bullfrogs (D:6)
  8 wights
  2 electric eels (D:8)
  5 hounds
  3 orc priests
  2 jellies
  A centaur skeleton (D:6)
  5 iguanas
  9 orc wizards
  A worker ant (D:6)
  A killer bee zombie (D:6)
  Robin (D:3)
  3 hound skeletons
  A worker ant zombie (D:7)
  12 adders
  3 gnolls (D:4)
  4 shadow imps
  3 worms (D:2)
  5 dart slugs
  4 leopard geckos
  30 orcs
  3 ball pythons
  5 bats
  4 giant cockroaches
  16 goblins
  18 hobgoblins
  6 jackals
  7 kobolds
  7 quokkas
  4 frilled lizards
  2 quokka skeletons
  13 rats
212 creatures vanquished.

Notes
Turn   | Place    | Note
-------+----------+-------------------------------------------
     0 | D:1      | MirrMurr the Octopode Berserker began the quest for the
                  | Orb.
     0 | D:1      | Reached XP level 1. HP: 16/16 MP: 1/1
   180 | D:1      | Reached XP level 2. HP: 18/21 MP: 2/2
   211 | D:1      | Reached skill level 1 in Stealth
  1227 | D:2      | Reached XP level 3. HP: 16/26 MP: 3/3
  1442 | D:2      | Noticed Sigmund
  1478 | D:2      | You fall through a shaft for 2 floors!
  2096 | D:2      | Reached XP level 4. HP: 26/31 MP: 4/4
  2383 | D:2      | Reached ** piety under Trog
  2383 | D:2      | Reached skill level 4 in Polearms
  2829 | D:2      | Reached XP level 5. HP: 30/36 MP: 5/5
  3316 | D:2      | Killed Sigmund
  3316 | D:2      | Reached XP level 6. HP: 42/43 MP: 6/6
  3633 | D:3      | Noticed Robin
  3646 | D:3      | Killed Robin
  3646 | D:3      | Reached skill level 5 in Polearms
  4036 | D:3      | Noticed a sky beast
  4053 | D:3      | Killed a sky beast
  4053 | D:3      | Reached XP level 7. HP: 42/49 MP: 7/7
  4273 | D:3      | Reached *** piety under Trog
  4821 | D:4      | Found the cursed +14 obsidian axe {chop, +Fly SInv *Curse}
  4894 | D:4      | Reached skill level 6 in Polearms
  5302 | D:4      | Reached skill level 5 in Stealth
  5455 | D:5      | Entered Level 5 of the Dungeon
  5509 | D:5      | Reached XP level 8. HP: 41/54 MP: 8/8
  5515 | D:5      | Reached skill level 1 in Slings
  5517 | D:5      | Reached skill level 5 in Dodging
  5750 | D:5      | HP: 3/81 [something (5)]
  5753 | D:5      | Reached skill level 5 in Fighting
  6169 | D:5      | Found Xigiol's Assorted Antiques.
  6445 | D:5      | Found a staircase to the Ecumenical Temple.
  6455 | Temple   | Entered the Ecumenical Temple
  6461 | D:5      | Bought a potion of heal wounds for 135 gold pieces
  6461 | D:5      | Bought an agate ring for 135 gold pieces
  6614 | D:5      | Found a hazy altar of Hepliaklqana.
  7120 | D:6      | Reached skill level 7 in Polearms
  7292 | D:6      | Got a fine dagger
  7416 | D:6      | Reached **** piety under Trog
  7681 | D:6      | Reached XP level 9. HP: 61/61 MP: 9/9
  8036 | D:7      | Identified the +5 dagger of Change {elec, *Noise +Rage
                  | Int+3 Dex+2} (You found it on level 6 of the Dungeon)
  8041 | D:7      | Noticed Menkaure
  8049 | D:7      | Killed Menkaure
  8055 | D:7      | Received a gift from Trog
  8289 | D:7      | Reached skill level 8 in Polearms
  8633 | D:7      | Noticed Prince Ribbit
  8769 | D:7      | Killed Prince Ribbit
  8908 | D:7      | Found Fufixuin's Assorted Antiques.
  8916 | D:7      | Bought a jade ring for 145 gold pieces
  8926 | D:7      | Noticed Pikel
  8936 | D:7      | Killed Pikel
  9110 | D:8      | Noticed a troll
  9121 | D:7      | Killed a troll
  9121 | D:7      | Reached XP level 10. HP: 26/69 MP: 10/10
  9381 | D:8      | Reached skill level 9 in Polearms
  9465 | D:8      | Identified a scroll of acquirement
  9481 | D:8      | Noticed Psyche
  9761 | D:8      | Killed Psyche
  9761 | D:8      | Reached skill level 1 in Axes
  9785 | D:8      | Reached skill level 1 in Shields
  9786 | D:8      | Found a staircase to the Lair.
  9791 | D:8      | Killed from afar by an electric eel

Vault maps used:
D:1:      dpeg_arrival_long_road, minmay_hexomino_f4
D:2:      wad_river_or_something, uniq_sigmund
D:3:      hangedman_abyss_or_decor_stabs, uniq_robin
D:4:      cheibrodos_greedy_goblins, first_ration
D:5:      kennysheep_mini, temple_statues, serial_shops, nicolae_shop_trees
D:6:      kennysheep_generic_room_2
D:7:      serial_shops, shop, uniq_prince_ribbit1, uniq_menkaure, uniq_pikel
D:8:      erik_lair_island, uniq_psyche
Temple:   minmay_crystal_snake_temple

Skill      XL: |  1  2  3  4  5  6  7  8  9 10 |
---------------+-------------------------------+-----
Stealth        | 1 2 3 4 5 6 8 |  8.6
Polearms       | 4 5 6 7 8 9 |  9.3
Fighting       | 4 5 6 |  6.8
Dodging        | 4 5 6 |  6.9
Slings         | 2 4 |  4.6
Axes           | 1 |  1.4
Shields        | 1 |  1.0

Action                   |  1- 3 |  4- 6 |  7- 9 | 10-12 || total
-------------------------+-------+-------+-------+-------++-------
Melee: Spear             |    67 |   115 |   221 |    26 ||   429
       Constrict         |    14 |    25 |    37 |     9 ||    85
       Tentacles         |     8 |    15 |    36 |     6 ||    65
       Trident           |       |       |       |    17 ||    17
       Broad axe         |       |       |       |     9 ||     9
 Fire: Hunting sling     |    40 |    62 |   231 |       ||   333
Throw: Stone             |     1 |       |       |       ||     1
Invok: Berserk           |       |     3 |     6 |     1 ||    10
       Trog's Hand       |       |     1 |     1 |       ||     2
  Use: Scroll            |     4 |     2 |     7 |     3 ||    16
       Potion            |       |     1 |       |     1 ||     2
 Stab: Sleeping          |     3 |     2 |     4 |     3 ||    12
       Distracted        |       |       |       |     1 ||     1
  Eat: Chunk             |     3 |     6 |    16 |     3 ||    28
       Ration            |       |     1 |     2 |       ||     3
Armor: Skin              |     1 |     5 |     3 |       ||     9
Dodge: Dodged            |    28 |    60 |   121 |    33 ||   242
Block: Buckler           |       |       |       |     4 ||     4

Table legend:
 A = Non-vault XP
 B = Vault XP
 C = Vault XP percentage of total XP
 D = Non-vault monster count
 E = Vault monster count
 F = Vault count percentage of total count
                 A         B        C        D         E       F
            +---------+---------+-------+---------+---------+-------
      Total |    3684 |    2614 |  41.5 |     161 |      50 |  23.7
            +---------+---------+-------+---------+---------+-------
        D:1 |      30 |       6 |  16.7 |      18 |       3 |  14.3
        D:2 |     106 |     240 |  69.4 |      21 |      10 |  32.3
        D:3 |     358 |      38 |   9.6 |      37 |      12 |  24.5
        D:4 |     369 |      23 |   5.9 |      16 |      12 |  42.9
        D:5 |     553 |       0 |   0.0 |      12 |       0 |   0.0
        D:6 |     542 |     211 |  28.0 |      17 |       3 |  15.0
        D:7 |     872 |    1376 |  61.2 |      29 |       4 |  12.1
        D:8 |     854 |     720 |  45.7 |      11 |       6 |  35.3
            +---------+---------+-------+---------+---------+-------
